 Dungeon Crawl Stone Soup version 0.30.1-6-gbe392663c4 (webtiles) character file.

Game seed: 10896478134057102755

16197 Anriel the Spear-Bearer (level 12, -10/103 HPs)
             Began as a Naga Gladiator on Sept 21, 2023.
             Was a High Priest of Okawaru.
             Killed by divine providence
             ... invoked by a meliai
              (11 damage)
             ... on level 13 of the Dungeon.
             The game lasted 01:13:18 (10989 turns).

Anriel the Spear-Bearer (Naga Gladiator)           Turns: 10989, Time: 01:13:18

Health: -10/103    AC: 30    Str: 23    XL:     12   Next: 35%
Magic:  21/28      EV: 15    Int:  8    God:    Okawaru [*****.]
Gold:   105        SH:  5    Dex: 12    Spells: 11/11 levels left

rFire   . . .        A - +2 halberd (vamp)
rCold   . . .        (shield currently unavailable)
rNeg    + . .        y - +0 pearl dragon scales of the Sunfish {rN+ MP+9}
rPois   +            c - +2 helmet
rElec   .            k - +0 cloak
rCorr   .            p - +2 pair of gloves
SInv    +            D - +1 barding
Will    ++...        g - amulet of reflection
Stlth   +            i - ring of willpower
HPRegen 0.37/turn    h - +5 ring of evasion
MPRegen 0.21/turn

%: reflection
@: heroic, finesse-ful, very slow
A: AC +4, large, see invisible, deformed body, poison resistance, slowness 2,
spit poison 1, naga tail 1
a: Spit Poison, Renounce Religion, Heroism, Finesse, Duel


You were on level 13 of the Dungeon.
You worshipped Okawaru.
Okawaru was extremely pleased with you.
You visited 2 branches of the dungeon, and saw 14 of its levels.
You also visited: Sewer.

You collected 716 gold pieces.
You spent 611 gold pieces at shops.

Inventory:

Hand Weapons
 a - a +0 trident
 n - a +2 heavy scythe
 A - a +2 vampiric halberd (weapon)
Missiles
 v - 2 boomerangs (quivered)
 z - 2 boomerangs of dispersal
 E - 4 javelins
Armour
 c - a +2 helmet (worn)
 d - a +0 troll leather armour {Pargi}
 k - a +0 cloak (worn)
 p - a +2 pair of gloves (worn)
 q - a +0 plate armour
 y - the +0 pearl dragon scales of the Sunfish (worn) {rN+ MP+9}
   (Okawaru gifted it to you on level 10 of the Dungeon)

   rN:        It protects you from negative energy.
   MP:        It affects your magic capacity (+9).
 B - a +0 kite shield
 D - a +1 barding (worn)
Jewellery
 g - an amulet of reflection (around neck)
 h - a +5 ring of evasion (right hand)
 i - a ring of willpower (left hand)
 j - a +6 ring of intelligence
 w - a ring of ice
Wands
 e - a wand of polymorph (13)
 x - a wand of mindburst (6)
Scrolls
 b - 4 scrolls of poison
 m - 3 scrolls of identify
 r - 2 scrolls of fog
 G - a scroll of magic mapping
Potions
 f - 2 potions of flight
 l - 3 potions of haste
 o - 4 potions of brilliance
 s - 5 potions of cancellation
 u - a potion of curing
 C - a potion of berserk rage
 F - a potion of invisibility


   Skills:
 - Level 5.0(10.0) Fighting
 - Level 10.0(15.0) Polearms
 - Level 5.0(10.0) Throwing
 * Level 7.3(12.3) Armour
 + Level 8.1(13.1) Dodging
 + Level 9.3 Invocations
 - Level 5.0 Evocations


You had 11 spell levels left.
You didn't know any spells.
Your spell library contained the following spells:

 Spells                   Type           Power      Damage    Failure   Level
 Magic Dart               Conj           0%         1d3       71%         1
 Cigotuvi's Dreadful Rot  Necr/Pois/Air  0%         N/A       83%         2
 Lesser Beckoning         Tloc           0%         N/A       83%         2
 Searing Ray              Conj           0%         2d4       83%         2
 Sublimation of Blood     Necr           0%         N/A       83%         2
 Wereblood                Tmut           0%         N/A       83%         2
 Gell's Gravitas          Tloc           0%         N/A       97%         3
 Ignite Poison            Fire/Tmut/Pois 0%         N/A       97%         3
 Teleport Other           Tloc           0%         N/A       97%         3
 Fulminant Prism          Conj/Hex       0%         3d5       100%        4
 Freezing Cloud           Conj/Ice/Air   0%         6-21      100%        5
 Summon Hydra             Summ           Unusable   N/A       N/A         7

Dungeon Overview and Level Annotations

Branches:
Dungeon (12/15)            Temple (1/1) D:5            Lair (0/5) D:10
  Sewer (visited)
    Orc: D:9-12

Altars:
Ashenzari
Cheibriados
Dithmenos
Elyvilon
Fedhas
Gozag
Hepliaklqana
Kikubaaqudgha
Makhleb
Nemelex Xobeh
Okawaru
Qazlal
Ru
Sif Muna
Trog
Uskayaw
Vehumet
Wu Jian
Xom
Yredelemnul
Zin
The Shining One

Shops:
D:4 [   D:7 :   D:8 ?

Portals:
Gauntlet: D:13

Annotations:
D:9 2 transporters, merdmerd's ghost, novice MiBe


Innate Abilities, Weirdness & Mutations

Your serpentine skin is tough. (AC +4)
You have supernaturally acute eyesight. (SInv)
Armour fits poorly on your strangely shaped body.
Your system is resistant to poisons. (rPois)
You cover ground very slowly.
You can spit poison.
You have a snake-like lower body.


Message History

The meliai attacks as you move away! The meliai hits you but does no damage.
The meliai stings you but does no damage.
The meliai invokes the aid of its god against you.
Something smites you! The meliai barely misses you.
The meliai closely misses you. x2; You block the meliai's attack.
Okay, then.
You gain the combat prowess of a mighty hero.
The meliai hits you but does no damage. The meliai misses you.
You block the meliai's attack.
The meliai stings you but does no damage.
A troll comes into view.
You can now deal lightning-fast blows.
The troll shouts!
You hear a roar!
You block the meliai's attack. The meliai barely misses you.
The meliai hits you with a +0 hand axe!
The meliai stings you but does no damage.
A four-headed hydra comes into view.
You barely miss the meliai.
The meliai invokes the aid of its god against you.
Something smites you!
* * * LOW HITPOINT WARNING * * *
The meliai hits you but does no damage. You block the meliai's attack.
You impale the meliai!!
The meliai is almost dead.
You barely miss the meliai.
The meliai is almost dead.
The meliai mumbles some strange prayers to its god against you.
Something smites you!
* * * LOW HITPOINT WARNING * * *
The meliai closely misses you.
The meliai stings you but does no damage.
You slash the meliai!
You kill the meliai!
Okawaru accepts your kill.
The meliai invokes the aid of its god against you.
Something smites you!
* * * LOW HITPOINT WARNING * * *
The meliai invokes the aid of its god against you.
Something smites you!
You die...

#.# ***,** ##########.# ****
*****#**#..........#
*,,,,..##......<...#
*,****.............########
*,** ***#..................
*,,** #.......[.....(#.##
**,,** ##....##....####.# **,,*
#@####....)).)..##
********,****#)#*#..#######)..#
*,,,,,**,#....yy...^.# #.#.#
*,,,,,*#...###..###.## #....
*,,,,,*#.,,**#T)# #.* ###.#
*,,,,,,,,,,,,.∩.# #.* #.#
***,,,,,,**,,D.##*#.*** #.#
*,,,,***,,*,,..# *,,,,* #.#
***,,,,**,*,#..# *,,,,* #.#


You could see a four-headed hydra, a troll and 2 meliai.

Vanquished Creatures
  A centaur warrior (D:13)
  3 two-headed ogres
  A cyclops (D:11)
  Joseph (D:10)
  An unseen horror (D:10)
  A komodo dragon (D:10)
  4 trolls
  A meliai (D:13)
  Sigmund (D:2)
  A wraith (D:9)
  4 slime creatures (D:11)
  4 wyverns
  29 yaks
  Grum (D:10)
  3 vampire mosquitoes (D:11)
  A steam dragon (D:10)
  Edmund (D:6)
  An acid dragon (D:9)
  2 water moccasins
  3 orc warriors
  2 black bears
  Pargi (Sewer)
  An ice beast (D:5)
  A hornet zombie (D:7)
  An ogre (D:5)
  11 centaurs
  4 wolves (D:10)
  2 kobold brigands
  A phantom (D:6)
  A gnoll sergeant (D:8)
  3 bullfrogs
  4 necrophages (D:7)
  7 scorpions
  A wyvern zombie (D:7)
  3 wights (D:8)
  9 killer bees
  2 electric eels (D:9)
  4 howler monkeys
  7 orc priests
  A human zombie (D:7)
  A hound (D:4)
  A gnoll bouda (D:7)
  Jessica (D:2)
  3 iguanas
  11 orc wizards
  2 killer bee zombies (D:7)
  3 mummies (D:7)
  10 gnolls
  A river rat (D:3)
  10 adders
  2 white imps
  An ufetubus (D:4)
  5 worms
  5 dart slugs
  19 orcs
  7 ball pythons
  6 endoplasms
  4 giant cockroaches
  5 goblins
  3 hobgoblins
  2 jackals (D:2)
  16 kobolds
  A quokka (D:2)
  8 bats
  5 frilled lizards
  A rat (D:2)
263 creatures vanquished.

Vanquished Creatures (others)
  3 centaurs (D:13)
  A ball python (D:4)
4 creatures vanquished.

Grand Total: 267 creatures vanquished

Notes
Turn   | Place    | Note
-------+----------+-------------------------------------------
     0 | D:1      | Anriel the Naga Gladiator began the quest for the Orb.
     0 | D:1      | Reached XP level 1. HP: 19/19 MP: 1/1
   117 | D:1      | Reached XP level 2. HP: 26/26 MP: 2/2
   359 | D:1      | Reached skill level 1 in Armour
   913 | D:2      | Reached XP level 3. HP: 33/33 MP: 3/3
  1206 | D:2      | Noticed Jessica
  1209 | D:2      | Killed Jessica
  1280 | D:2      | Reached XP level 4. HP: 40/40 MP: 4/4
  1524 | D:2      | Noticed Sigmund
  1533 | D:2      | Killed Sigmund
  1534 | D:2      | Reached XP level 5. HP: 28/49 MP: 5/5
  1534 | D:2      | Reached XP level 6. HP: 32/56 MP: 6/6
  1781 | D:3      | Found a faded altar of an unknown god.
  1977 | D:3      | Found a glowing drain.
  1995 | Sewer    | Entered a sewer
  2001 | Sewer    | Noticed Pargi
  2017 | Sewer    | Killed Pargi
  2517 | D:3      | Reached XP level 7. HP: 61/62 MP: 7/7
  2754 | D:4      | Reached skill level 4 in Polearms
  2766 | D:4      | Found an opulent altar of Gozag.
  2768 | D:4      | Found a shimmering altar of Xom.
  2770 | D:4      | Found a shadowy altar of Dithmenos.
  3098 | D:4      | Found Senemp's Antique Armour Boutique.
  3417 | D:5      | Entered Level 5 of the Dungeon
  3418 | D:5      | Found a staircase to the Ecumenical Temple.
  3486 | Temple   | Entered the Ecumenical Temple
  3552 | Temple   | Became a worshipper of Warmaster Okawaru
  3664 | D:5      | Reached skill level 5 in Polearms
  3913 | D:5      | Reached XP level 8. HP: 64/69 MP: 8/8
  4352 | D:5      | Reached * piety under Okawaru
  4658 | D:6      | Noticed Edmund
  4678 | D:6      | Killed Edmund
  4703 | D:6      | Reached skill level 5 in Dodging
  4817 | D:6      | Reached skill level 5 in Armour
  4873 | D:6      | Reached ** piety under Okawaru
  4874 | D:6      | Reached skill level 1 in Invocations
  4874 | D:6      | Reached XP level 9. HP: 74/76 MP: 9/9
  5183 | D:6      | Found a shimmering blue altar of Sif Muna.
  5208 | D:6      | Reached skill level 1 in Evocations
  5352 | D:6      | Reached skill level 5 in Throwing
  5799 | D:7      | Found Megouch's Book Shoppe.
  5834 | D:7      | Found a snail-covered altar of Cheibriados.
  6138 | D:7      | Found an ancient bone altar of Kikubaaqudgha.
  6226 | D:7      | Reached skill level 5 in Invocations
  6288 | D:7      | Reached *** piety under Okawaru
  6385 | D:8      | Reached skill level 5 in Fighting
  6495 | D:8      | Reached XP level 10. HP: 40/88 MP: 13/13
  6723 | D:8      | Found Zodostroull's Magic Scroll Emporium.
  6787 | D:8      | Reached skill level 5 in Evocations
  6886 | D:8      | Reached skill level 6 in Polearms
  7400 | D:8      | Received a gift from Okawaru
  7459 | D:8      | Reached **** piety under Okawaru
  7460 | D:8      | Reached skill level 7 in Polearms
  7840 | D:9      | Reached skill level 8 in Polearms
  7841 | D:9      | Reached ***** piety under Okawaru
  8023 | D:9      | Reached XP level 11. HP: 83/94 MP: 16/16
  8441 | D:9      | Reached skill level 9 in Polearms
  8656 | D:9      | Found a transporter.
  8657 | D:9      | Found a transporter.
  8657 | D:9      | Noticed a two-headed ogre
  8657 | D:9      | Identified the +6 dire flail of Pefaosoiga {freeze, Str+6
                  | Stlth+}
  8657 | D:9      | Noticed a two-headed ogre
  8657 | D:9      | Noticed a two-headed ogre
  8657 | D:9      | Noticed merdmerd's ghost (novice MiBe)
  8659 | D:9      | Noticed a two-headed ogre
  8820 | D:10     | Entered Level 10 of the Dungeon
  8831 | D:10     | Noticed Joseph
  8844 | D:10     | Killed Joseph
  8935 | D:10     | Found a white marble altar of Elyvilon.
  9050 | D:10     | Noticed a two-headed ogre
  9051 | D:10     | Noticed a two-headed ogre
  9058 | D:10     | Killed a two-headed ogre
  9068 | D:10     | Killed a two-headed ogre
  9068 | D:10     | Received a gift from Okawaru
  9109 | D:10     | Found a staircase to the Lair.
  9124 | D:10     | Noticed Grum
  9163 | D:10     | Reached skill level 10 in Polearms
  9207 | D:10     | Identified the +0 pearl dragon scales of the Sunfish {rN+
                  | MP+9} (Okawaru gifted it to you on level 10 of the Dungeon)
  9207 | D:10     | Received a gift from Okawaru
  9222 | D:10     | Killed Grum
  9506 | D:4      | Bought a barding for 506 gold pieces
  9698 | D:8      | Bought a scroll of enchant armour for 105 gold pieces
 10196 | D:11     | Reached XP level 12. HP: 98/103 MP: 18/18
 10360 | D:11     | Noticed a two-headed ogre
 10387 | D:11     | Killed a two-headed ogre
 10897 | D:12     | You fall into a shaft and drop 1 floor!
 10916 | D:13     | Noticed a centaur warrior
 10938 | D:13     | Killed a centaur warrior
 10980 | D:13     | Found a gate leading to a gauntlet.
 10985 | D:13     | Noticed a four-headed hydra
 10989 | D:13     | HP: 1/103 [meliai/divine providence (14)]
 10989 | D:13     | Killed from afar by a meliai

Illustrated notes

Levels and vault maps discovered:
D:1:      minmay_arrival_stone_box, layout_basic
D:2:      minmay_evil_eye, layout_basic, minmay_misc_feat_ornament,
          uniq_jessica, uniq_sigmund
D:3:      layout_basic, nicolae_ecumenical_pavilion, lightli_sewer_entry_pipes,
          kennysheep_nondescript
D:4:      layout_loops_cross, gammafunk_temple_overflow_forgotten,
          nicolae_inconvenience_store
D:5:      layout_basic, temple_pool_b
D:6:      layout_basic, led_sif_book, uniq_edmund
D:7:      layout_loops_ring, kennysheep_little_box,
          lemuel_mausoleum_altar_kikubaaqudgha, serial_shops,
          nicolae_book_shop_shelving
D:8:      layout_gridville, serial_shops, shop, minmay_crossroads
D:9:      layout_stronghold, gammafunk_ghost_smash, serial_bayou_ford_a
D:10:     layout_basic, elyvilon_altar_1, minmay_lair_entry_grove, uniq_grum,
          uniq_joseph
D:11:     layout_irregular_city, hangedman_decor_clover_reticule,
          nicolae_concentric_dashed_squares_wild
D:12:     layout_roguey, zombieorc2_lemuel, xom_teletrap_fun, uniq_nessos,
          uniq_josephine
D:13:     layout_rooms, gauntlet_entry_generic, nicolae_tso_carved_into_rock
Temple:   regret_index_temple_waves

Skill      XL: |  1  2  3  4  5  6  7  8  9 10 11 12 |
---------------+-------------------------------------+-----
Armour         | 1 2 3 4 5 6 7 |  7.3
Fighting       | 3 5 |  5.0
Dodging        | 3 4 5 6 7 8 |  8.1
Polearms       | 5 8 10 | 10.0
Throwing       | 2 4 5 |  5.0
Invocations    | 1 5 6 8 9 |  9.3
Evocations     | 4 5 |  5.0

Action                     |  1- 3 |  4- 6 |  7- 9 | 10-12 || total
---------------------------+-------+-------+-------+-------++-------
  Melee: Trident           |    50 |   140 |   478 |    85 ||   753
         Punch             |     2 |     1 |     9 |       ||    12
         Halberd           |       |       |       |   491 ||   491
  Throw: Javelin           |     2 |     2 |     1 |    22 ||    27
         Throwing net      |       |     3 |       |       ||     3
         Boomerang         |       |       |       |    16 ||    16
 Invoke: Heroism           |       |       |       |     3 ||     3
         Finesse           |       |       |       |     2 ||     2
Ability: Spit Poison       |     7 |    19 |    81 |    62 ||   169
    Use: Scroll            |     3 |     7 |    12 |    14 ||    36
         Potion            |       |       |     2 |     5 ||     7
   Stab: Sleeping          |       |     2 |     1 |       ||     3
         Held in net/web   |       |     2 |       |       ||     2
 Armour: Leather armour    |     9 |    18 |       |       ||    27
         Troll leather arm |       |     4 |   102 |    95 ||   201
         Pearl dragon scal |       |       |       |   133 ||   133
  Dodge: Dodged            |    14 |    68 |   320 |   542 ||   944
  Block: Other             |    12 |    28 |   101 |   174 ||   315
         Reflection        |       |     1 |     1 |    12 ||    14
